 Dungeon Crawl Stone Soup version 0.31-a0-765-g67fe2935dc (webtiles) character file.

Game seed: 11705107165646203904

2468 Pixllover the Basher (level 9, -3/56 HPs)
             Began as a Gargoyle Berserker on Sept 16, 2023.
             Was a Priest of Trog.
             Slain by a wight
             ... wielding a +0 halberd
              (11 damage)
             ... on level 8 of the Dungeon.
             The game lasted 00:21:47 (5920 turns).

Pixllover the Basher (Gargoyle Berserker)           Turns: 5920, Time: 00:21:48

Health: -3/56      AC: 20    Str: 23    XL:     9   Next: 51%
Magic:  9/9        EV: 13    Int:  8    God:    Trog [***...]
Gold:   263        SH:  0    Dex: 11    Spells: 8/8 levels left

rFire   . . .        v - +0 morningstar
rCold   . . .        (no shield)
rNeg    + . .        h - +1 plate armour
rPois   ∞            (no helmet)
rElec   +            (no cloak)
rCorr   .            (no gloves)
SInv    .            (no boots)
Will    +....        (no amulet) Stlth
                     w - +4 ring of slaying
HPRegen 0.29/turn    x - +5 ring of evasion
MPRegen 0.11/turn

%: no passive effects
@: enlightened, flying
A: sickness immunity, AC +6, negative energy resistance 1, electricity
resistance, torment resistance 1, petrification resistance
a: Renounce Religion, Berserk, Trog's Hand


You were on level 8 of the Dungeon.
You worshipped Trog.
Trog was most pleased with you.
You visited 1 branch of the dungeon, and saw 8 of its levels.

You collected 311 gold pieces.
You spent 48 gold pieces at shops.

Inventory:

Hand Weapons
 v - a +0 morningstar (weapon)
Missiles
 m - 3 curare-tipped darts
 u - 4 poisoned darts (quivered)
Armour
 h - a +1 plate armour (worn)
Jewellery
 w - a +4 ring of slaying (left hand)
 x - a +5 ring of evasion (right hand)
Wands
 d - a wand of flame (14)
Scrolls
 a - 3 scrolls of fog
 c - 2 scrolls of revelation
 e - 2 scrolls of teleportation
 f - a scroll of immolation {unknown}
 i - a scroll of silence {unknown}
 j - 2 scrolls of brand weapon {unknown}
 n - a scroll of acquirement {unknown}
 o - a scroll of enchant armour
Potions
 b - 4 potions of haste
 g - 2 potions of might {unknown}
 k - 2 potions of mutation {unknown}
 l - 4 potions of curing
 p - a potion of resistance {unknown}
 q - 3 potions of enlightenment
 r - a potion of cancellation {unknown}
 s - a potion of magic {unknown}
 t - 4 potions of attraction {unknown}


   Skills:
 + Level 6.4 Fighting
 + Level 9.4 Maces & Flails
 + Level 6.3 Armour
 + Level 4.1 Dodging
 + Level 1.7 Stealth


You had 8 spell levels left.
You didn't know any spells.
Your spell library was empty.

Dungeon Overview and Level Annotations

Branches:
Dungeon (8/15)             Temple (0/1) D:5
   Lair: D:8-11

Altars:
Elyvilon
Makhleb
Wu Jian
Zin
The Shining One

Shops:
D:6 :(   D:7 =[!   D:8 =

Annotations:
D:4 2 transporters, Izden's ghost, amateur MiFi


Innate Abilities, Weirdness & Mutations

You are immune to sickness and miasma.
Your stone body is resilient. (AC +6)
You are immune to poison.
You resist negative energy. (rN+)
You are resistant to electric shocks. (rElec)
You are resistant to unholy torment.
You are immune to petrification.


Message History

You closely miss the wight. The wight closely misses you.
The wight hits you with a +0 dagger.
You barely miss the wight. The wight closely misses you.
The wight barely misses you.
You hit the wight but do no damage. The wight barely misses you.
The wight hits you but does no damage.
You closely miss the wight. The wight closely misses you.
The wight hits you but does no damage.
You impale the wight!!
You destroy the wight!
Trog accepts your kill. The wight hits you but does no damage.
The wight hits you from afar with a +0 halberd.
The wight misses you.
You closely miss the wight. The wight misses you.
The wight completely misses you.
You hit the wight.
The wight is moderately damaged.
The wight closely misses you. The wight hits you but does no damage.
The wight hits you from afar with a +0 halberd.
You hit the wight but do no damage.
The wight is moderately damaged.
The wight closely misses you. The wight hits you with a +0 mace.
The wight hits you from afar with a +0 halberd.
You thump the wight!
The wight is almost destroyed.
The wight hits you from afar with a +3 halberd.
The wight hits you but does no damage. x2
You closely miss the wight.
The wight is almost destroyed.
The wight hits you but does no damage. The wight closely misses you.
The wight hits you from afar with a +0 halberd!
* * * LOW HITPOINT WARNING * * *
The wight attacks as it pursues you! The wight hits you with a +0 mace.
* * * LOW HITPOINT WARNING * * *
It was a potion of enlightenment.
You feel very buoyant.
You fly up into the air.
The wight closely misses you.
The wight hits you from afar with a +0 halberd!
You die...

.# ........# .# ........#
.# .....z..#### .#
....z..z...# .#
......zz...# .#######
#######....# .......###
#....#
######...##########....####
................@zzz.......
########...########z...####
##########.## ######
#......# #..#
#......####'##########
.......##............#
#......##............#
#......##...........>#
'......##............#


You could see 4 wights.

Vanquished Creatures
  An unseen horror (D:6)
  A wyvern (D:8)
  Eustachio (D:4)
  2 orc warriors (D:6)
  A black bear (D:6)
  A sky beast (D:7)
  An ogre (D:6)
  A phantom (D:6)
  4 scorpions
  3 bullfrogs
  5 wights (D:8)
  3 killer bees (D:8)
  3 howler monkeys (D:7)
  3 orc priests
  A jelly (D:6)
  A hound (D:4)
  2 orc wizards
  2 iguanas (D:6)
  A gnoll (D:1)
  9 adders
  A white imp (D:5)
  An ufetubus (D:4)
  A worm (D:2)
  2 dart slugs (D:1)
  14 orcs
  7 endoplasms
  3 giant cockroaches
  3 goblins
  4 hobgoblins
  4 jackals (D:3)
  2 quokkas
  13 ball pythons
  4 bats
  2 frilled lizards (D:3)
  5 kobolds
  7 rats
119 creatures vanquished.

Notes
Turn   | Place    | Note
-------+----------+-------------------------------------------
     0 | D:1      | Pixllover the Gargoyle Berserker began the quest for the
                  | Orb.
     0 | D:1      | Reached XP level 1. HP: 14/14 MP: 1/1
   108 | D:1      | Reached XP level 2. HP: 19/19 MP: 2/2
   378 | D:1      | Reached XP level 3. HP: 13/23 MP: 3/3
   762 | D:2      | Identified the +0 ring mail of Joximuc {rCorr Dex+6}
  1009 | D:2      | Reached ** piety under Trog
  1020 | D:2      | You fall into a shaft and drop 2 floors!
  1063 | D:3      | Found a faded altar of an unknown god.
  1456 | D:3      | Reached XP level 4. HP: 29/29 MP: 4/4
  1887 | D:3      | Found an ornate altar of the Wu Jian Council.
  1966 | D:4      | Found a transporter.
  1966 | D:4      | Noticed Izden's ghost (amateur MiFi)
  1967 | D:4      | Noticed a bullfrog
  2002 | D:4      | Reached skill level 4 in Maces & Flails
  2008 | D:4      | Found a transporter.
  2065 | D:4      | Noticed Eustachio
  2079 | D:4      | Killed Eustachio
  2080 | D:4      | Reached XP level 5. HP: 33/33 MP: 5/5
  2080 | D:4      | Reached XP level 6. HP: 38/38 MP: 6/6
  2338 | D:4      | Found a burning altar of Makhleb.
  2347 | D:4      | Reached skill level 5 in Maces & Flails
  2609 | D:5      | Entered Level 5 of the Dungeon
  2620 | D:5      | Found a glowing silver altar of Zin.
  2757 | D:5      | Found a staircase to the Ecumenical Temple.
  3213 | D:5      | Reached XP level 7. HP: 42/44 MP: 7/7
  3525 | D:6      | Reached skill level 5 in Fighting
  3640 | D:6      | Reached *** piety under Trog
  3851 | D:6      | Found Kapaen Hoti's Weapon Emporium.
  3922 | D:6      | Found a glowing golden altar of the Shining One.
  3976 | D:6      | Found Areon's Tremendous Tomes.
  4035 | D:6      | Reached skill level 6 in Maces & Flails
  4050 | D:6      | Reached XP level 8. HP: 33/49 MP: 8/8
  4061 | D:6      | Reached skill level 5 in Armour
  4189 | D:6      | Killed an unseen horror
  4190 | D:6      | Reached skill level 7 in Maces & Flails
  4190 | D:6      | Reached skill level 1 in Stealth
  4831 | D:7      | Found Dedier's Distillery.
  4842 | D:7      | Bought a potion of curing for 36 gold pieces
  4842 | D:7      | Bought a potion of degeneration for 12 gold pieces
  5019 | D:7      | Reached skill level 8 in Maces & Flails
  5055 | D:7      | Found a white marble altar of Elyvilon.
  5088 | D:7      | Reached XP level 9. HP: 55/55 MP: 9/9
  5234 | D:7      | Found Qelleisk's Jewellery Emporium.
  5246 | D:7      | Found Deythrao's Armour Boutique.
  5544 | D:8      | Found Xuanwaq's Jewellery Shoppe.
  5644 | D:8      | Reached skill level 9 in Maces & Flails
  5920 | D:8      | Slain by a wight

Illustrated notes

Levels and vault maps discovered:
D:1:      psy_arrival_dodecagon, layout_loops_cross
D:2:      layout_basic, minmay_misc_feat_rows
D:3:      layout_rooms, nicolae_wu_jian_immortal_techniques,
          basic_ecumenical_altar, nicolae_concentric_dashed_squares_mild
D:4:      layout_cave_pools, makhleb_blood_cavern_becter, gammafunk_ghost_arena,
          uniq_eustachio
D:5:      layout_loops_cross, mainiacjoe_overflow_six_doors_small,
          minmay_temple_entry_overgrown, kennysheep_generic_room_14
D:6:      minmay_chambers_of_sixes, layout_gridville, overflow_temple_1_default,
          serial_shops, nicolae_shop_tiny_real_fake_doors,
          nicolae_shop_i_like_big_books, water_maze_lemuel
D:7:      layout_basic, elyvilon_altar_1, serial_shops, nicolae_shop_scrapyard,
          nicolae_shop_industrial_runoff, shop, minmay_misc_feat_square
D:8:      layout_basic, serial_shops, shop

Skill      XL: |  1  2  3  4  5  6  7  8  9 |
---------------+----------------------------+-----
Armour         | 3 4 5 6 |  6.3
Dodging        | 2 3 4 |  4.1
Maces & Flails | 4 5 6 8 9 |  9.4
Fighting       | 4 5 6 |  6.4
Stealth        | 1 |  1.7

Action                     |  1- 3 |  4- 6 |  7- 9 || total
---------------------------+-------+-------+-------++-------
  Melee: Mace              |    88 |   117 |       ||   205
         Punch             |     2 |       |     5 ||     7
         Morningstar       |       |    42 |   179 ||   221
 Invoke: Berserk           |       |     1 |       ||     1
    Use: Scroll            |       |     5 |     2 ||     7
         Potion            |       |       |     1 ||     1
 Armour: Animal skin       |    25 |       |       ||    25
         Ring mail         |    30 |   148 |    34 ||   212
         Plate armour      |       |       |   132 ||   132
  Dodge: Dodged            |    56 |   157 |   183 ||   396

Table legend: (Time is in decaauts)
 A = Elapsed time spent in this place.
 B = Non-inter-level travel time spent in this place.
 C = Inter-level travel time spent in this place.
 D = Time resting spent in this place.
 E = Time spent auto-exploring this place.
 F = Levels seen in this place.
 G = Mean time per level.
                   A        B        C        D        E       F      G
               +--------+--------+--------+--------+--------+-----+--------+
         Total |   5992 |   5744 |    248 |    213 |   2676 |   8 |  749.0 |
       Dungeon |   5992 |   5744 |    248 |    213 |   2676 |   8 |  749.0 |
               +--------+--------+--------+--------+--------+-----+--------+

Top non-repeatable levels by time:
     D:6: 1366 daAuts
     D:5: 804 daAuts
     D:4: 741 daAuts
     D:1: 718 daAuts
     D:7: 652 daAuts
     D:2: 624 daAuts
     D:3: 576 daAuts
     D:8: 508 daAuts
